 Dungeon Crawl Stone Soup version bcrawl-1.19.2-6-g6a88ae04c9 (webtiles) character file.

Game seed: 10888395697696898947

7214 Mrkan the Grappler (level 10, -5/104 HPs)
             Began as a Troll Monk on Jan 5, 2020.
             Was the Champion of Fedhas.
             Slain by a wolf spider (17 damage)
             ... on level 10 of the Dungeon.
             The game lasted 00:15:00 (7007 turns).

Mrkan the Grappler (Troll Monk)                     Turns: 7007, Time: 00:15:00

Health: -5/104     AC:  8    Str: 23    XL:     10   Next: 87%
Magic:  0/15       EV: 10    Int:  7    God:    Fedhas [******]
Gold:   772        SH:  0    Dex: 13    Spells: 9/9 levels left

rFire    . . .     SeeInvis .     - Unarmed
rCold    . . .     Gourm    +   (no shield)
rNeg     . . .     Faith    .   (armour unavailable)
rPois    .         Spirit   +   a - +0 hat
rElec    .         Reflect  .   (no cloak)
rCorr    .         Harm     .   (gloves unavailable)
MR       .....                  (boots unavailable)
Stlth    ++........             b - amulet of guardian spirit
HPRegen  0.67/turn              (no ring)
MPRegen  0.14/turn              (no ring)

@: lethally poisoned (-5 -> -5)
A: large, almost no armour, unfitting armour, claws 3, fast metabolism 3,
gourmand, regeneration 1, AC +8
a: Fungal Bloom, Sunlight, Evolution, Growth, Reproduction, Rain, Renounce
Religion


You were on level 10 of the Dungeon.
You worshipped Fedhas.
Fedhas was exalted by your worship.
You were very full.

You visited 1 branch of the dungeon, and saw 10 of its levels.

You collected 772 gold pieces.

Inventory:

Missiles
 e - 46 javelins (quivered)
 y - 3 throwing nets {!f}
Armour
 a - a +0 hat (worn)
Jewellery
 b - an amulet of guardian spirit (around neck)
 d - an uncursed ring of flight {unknown}
Wands
 t - a wand of iceblast (5)
 x - a wand of paralysis (19)
Scrolls
 f - 3 scrolls of enchant weapon {unknown}
 g - 6 scrolls of identify {unknown}
 h - 2 scrolls of fog {unknown}
 k - 5 scrolls of teleportation {unknown}
 n - 2 scrolls of enchant armour {unknown}
 o - 2 scrolls of immolation {unknown}
 p - 2 scrolls of amnesia {unknown}
 q - 4 scrolls of fear {unknown}
 r - 4 scrolls of remove curse {unknown}
 s - 2 scrolls of noise {unknown}
 v - a scroll of blinking {unknown}
 C - a scroll of magic mapping {unknown}
Potions
 i - a potion of cancellation {unknown}
 j - 2 potions of resistance {unknown}
 l - a potion of curing {unknown}
 m - 4 potions of might
 u - 2 potions of invisibility {unknown}
 w - a potion of heal wounds {unknown}
 z - a potion of flight {unknown}
 A - a potion of lignification {unknown}
 B - a potion of haste {unknown}
Comestibles
 c - 23 rations {!d}


   Skills:
 + Level 7.6 Fighting
 - Level 2.4 Dodging
 - Level 1.1 Stealth
 * Level 12.3 Unarmed Combat
 + Level 8.0 Invocations


You had 9 spell levels left.
You didn't know any spells.
Your spell library contained the following spells:

 Spells                   Type           Power        Failure   Level  Hunger
 Confuse                  Hex            #.......     80%         3    ####...
 Dazzling Spray           Conj/Hex       #.....       80%         3    ####...
 Petrify                  Tmut/Erth      #.......     99%         4    #####..
 Yara's Violent Unravell  Hex/Tmut       #.........   99%         4    #####..
 Metabolic Englaciation   Hex/Ice        #.........   100%        5    ######.
 Mana Rupture             Conj/Hex       #.........   100%        7    #######


Dungeon Overview and Level Annotations

Branches:
Dungeon (10/12)            Temple (0/1) D:6            Lair (0/6) D:9
    Orc: D:8-11

Altars:
Ashenzari
Dithmenos
Fedhas
Gozag
Lugonu
Makhleb
Qazlal
Sif Muna

Shops:
D:7 :}*


Innate Abilities, Weirdness & Mutations

You cannot wear most types of armour.
Your thick skin is tough. (AC +8)
You are too large for most types of armour.
You have claws for hands.
Your metabolism is lightning-fast.
You like to eat raw meat.
Your natural rate of healing is unusually fast.


Message History

* * * LOW HITPOINT WARNING * * *
You feel sick.
The phantom blinks!
You feel sick. The wolf spider hits you!
* * * LOW HITPOINT WARNING * * *
The wolf spider misses you.
You feel sick.
Found 22 gold pieces.
A hound, an ogre and a skeleton come into view.
You feel sick.
The phantom blinks!
The wolf spider barely misses you. The wolf spider bites you!
* * * LOW HITPOINT WARNING * * *
The centaur skeleton moves out of view.
You feel sick. The ogre barely misses you.
You feel sick. The ogre completely misses you.
You feel sick.
You feel sick.
The hound barks!
You hear a shout!
The centaur skeleton hits you. The wolf spider hits you!!
You die...
Fedhas appreciates your contribution to the ecosystem.

... ... #.#
. #.# ...
#.# ...##
#.# # ...
#.# #.
#.##@###
##.#..Zs..#
#.....#h#.#
.....$FO#...
.......S#
#..#
#######h##
#.... #..#
###..
#..#......
#O.#......


You could see a wolf spider, an ogre, a bullfrog, 2 hounds, an adder and a
centaur skeleton.

Vanquished Creatures
  A two-headed ogre (D:8)
  A cyclops (D:10)
  The ghost of Gumption the Destroyer, a novice AvFE of Sif Muna (D:6)
  A manticore (D:7)
  2 trolls
  4 hippogriffs
  Sigmund (D:3)
  2 basilisks (D:9)
  A yak (D:9)
  A hungry ghost (D:6)
  Menkaure (D:4)
  A crocodile (D:8)
  2 phantoms
  4 sky beasts
  An ice beast (D:9)
  3 black bears
  A necrophage (D:8)
  5 ogres
  A big kobold (D:9)
  5 bullfrogs
  A gnoll sergeant (D:9)
  A scorpion (D:9)
  4 wights (D:7)
  4 howler monkeys
  3 crimson imps
  A hound (D:8)
  4 orc priests
  A bullfrog zombie (D:8)
  A centaur skeleton (D:8)
  3 jellies
  2 orc wizards
  2 iguanas
  7 worker ants
  A hound zombie (D:8)
  A hound skeleton (D:5)
  A howler monkey zombie (D:5)
  4 gnolls (D:9)
  8 adders
  2 oozes
  2 adder skeletons
  3 worms
  5 dart slugs
  3 leopard geckos
  22 orcs
  A giant cockroach (D:1)
  2 goblins
  12 hobgoblins
  16 jackals
  6 quokkas
  A ball python (D:2)
  13 bats
  3 frilled lizards
  11 kobolds
  A quokka skeleton (D:4)
  7 rats
198 creatures vanquished.

Notes
Turn   | Place    | Note
-------+----------+-------------------------------------------
     0 | D:1      | Mrkan the Troll Monk began the quest for the Orb.
     0 | D:1      | Reached XP level 1. HP: 22/22 MP: 1/1
   178 | D:1      | Reached XP level 2. HP: 29/29 MP: 2/2
   718 | D:2      | Reached XP level 3. HP: 34/36 MP: 1/3
   933 | D:2      | Reached skill level 4 in Unarmed Combat
  1008 | D:2      | Found a blossoming altar of Fedhas.
  1030 | D:2      | Became a worshipper of Fedhas Madash
  1030 | D:2      | Reached * piety under Fedhas
  1030 | D:2      | Reached ** piety under Fedhas
  1128 | D:2      | Noticed a phantom
  1188 | D:2      | Killed a phantom
  1188 | D:2      | Reached skill level 5 in Unarmed Combat
  1188 | D:2      | Gained mutation: Your natural rate of healing is unusually
                  | fast. [Troll growth]
  1188 | D:2      | Reached XP level 4. HP: 6/45 MP: 1/4
  1188 | D:2      | Reached XP level 5. HP: 7/53 MP: 1/5
  1750 | D:3      | Noticed Sigmund
  1760 | D:3      | Killed Sigmund
  1760 | D:3      | Reached *** piety under Fedhas
  1760 | D:3      | Reached skill level 6 in Unarmed Combat
  1760 | D:3      | Reached XP level 6. HP: 57/62 MP: 4/6
  1892 | D:3      | Found a shimmering blue altar of Sif Muna.
  1982 | D:3      | Found a stormy altar of Qazlal.
  1982 | D:3      | Found a shadowy altar of Dithmenos.
  2168 | D:3      | Found a corrupted altar of Lugonu.
  2452 | D:4      | Reached XP level 7. HP: 36/70 MP: 3/7
  2531 | D:4      | Reached skill level 7 in Unarmed Combat
  2573 | D:4      | Noticed Menkaure
  2580 | D:4      | Killed Menkaure
  2622 | D:4      | Reached **** piety under Fedhas
  2816 | D:4      | Found a shadowy altar of Dithmenos.
  3145 | D:5      | Entered Level 5 of the Dungeon
  3146 | D:5      | Found a shattered altar of Ashenzari.
  3226 | D:5      | Reached XP level 8. HP: 79/79 MP: 9/9
  3281 | D:5      | Reached skill level 8 in Unarmed Combat
  3439 | D:5      | Reached skill level 5 in Fighting
  3980 | D:6      | Found a staircase to the Ecumenical Temple.
  3985 | D:6      | Reached skill level 9 in Unarmed Combat
  4047 | D:6      | Found a large runed translucent door.
  4047 | D:6      | Found a large runed translucent door.
  4079 | D:6      | Reached skill level 5 in Invocations
  4084 | D:6      | Noticed a hippogriff
  4099 | D:6      | Killed a hippogriff
  4099 | D:6      | Reached XP level 9. HP: 53/89 MP: 5/11
  4308 | D:6      | Noticed Gumption's ghost (novice AvFE)
  4488 | D:6      | Killed Gumption's ghost
  4488 | D:6      | Reached skill level 10 in Unarmed Combat
  4667 | D:7      | Noticed a manticore
  4669 | D:7      | Noticed a troll
  4674 | D:7      | Killed a manticore
  4674 | D:7      | Reached ***** piety under Fedhas
  4682 | D:7      | Killed a troll
  4829 | D:7      | Found a burning altar of Makhleb.
  4971 | D:7      | Found Qothipt's Book Boutique.
  4998 | D:7      | Found Qiubbuti's Gadget Boutique.
  5014 | D:7      | Found Keetij's Assorted Antiques.
  5447 | D:8      | Found an opulent altar of Gozag.
  5557 | D:8      | Reached XP level 10. HP: 94/100 MP: 11/13
  5580 | D:8      | Reached skill level 11 in Unarmed Combat
  6109 | D:8      | Noticed a two-headed ogre
  6113 | D:8      | Killed a two-headed ogre
  6541 | D:9      | Found a staircase to the Lair.
  6563 | D:9      | Reached ****** piety under Fedhas
  6626 | D:9      | Reached skill level 12 in Unarmed Combat
  6979 | D:10     | Entered Level 10 of the Dungeon
  6979 | D:10     | Noticed a wolf spider
  6979 | D:10     | Noticed a cyclops
  6983 | D:10     | Killed a cyclops
  6986 | D:10     | Noticed a two-headed ogre
  7007 | D:10     | Slain by a wolf spider

Skill      XL: |  1  2  3  4  5  6  7  8  9 10 |
---------------+-------------------------------+-----
Unarmed Combat | 5 6 7 9 10 12 | 12.3
Fighting       | 3 4 5 6 7 |  7.6
Invocations    | 3 5 6 8 |  8.0
Dodging        | |  2.4
Stealth        | |  1.1

Action                   |  1- 3 |  4- 6 |  7- 9 | 10-12 || total
-------------------------+-------+-------+-------+-------++-------
Melee: Unarmed           |    98 |   138 |   237 |   118 ||   591
       Punch             |     1 |     1 |     7 |    10 ||    19
  Use: Potion            |     2 |       |     1 |       ||     3
 Stab: Sleeping          |     2 |     2 |     2 |       ||     6
  Eat: Chunk             |    11 |    10 |    27 |     8 ||    56
Armor: Skin              |    70 |    61 |    72 |    44 ||   247
Dodge: Dodged            |    75 |    72 |    96 |    68 ||   311
